 Dungeon Sprint DCSS version 0.21-a0-52-gbf49515 (webtiles) character file.

254 Kidiri the Cudgeler (level 5, -12/59 HPs)
             Began as a Troll Monk on June 13, 2017.
             Mangled by a slime creature (14 damage)
             ... in the Dungeon (Sprint I: "Red Sonja").
             The game lasted 00:01:22 (115 turns).

Kidiri the Cudgeler (Troll Monk)                     Turns: 115, Time: 00:01:23

Health: -12/59     AC:  5    Str: 19    XL:     5   Next: 91%
Magic:  4/4        EV: 13    Int:  6    God:
Gold:   162        SH:  0    Dex: 13    Spells: 4/4 levels left

rFire    . . .     SeeInvis .   a - +0 giant spiked club
rCold    . . .     Gourm    +   (shield currently unavailable)
rNeg     . . .     Faith    .   b - +0 robe
rPois    .         Spirit   .   (helmet restricted)
rElec    .         Reflect  .   (no cloak)
rCorr    .         Harm     .   (gloves unavailable)
MR       .....     NoTele   +   (boots unavailable)
Stlth    ++........             (no amulet)
Regen    0.6/turn               (no ring)
MPRegen  0.1/turn               (no ring)

@: no status effects
A: unfitting armour, claws 3, fast metabolism 3, gourmand, regeneration 1,
shaggy fur 1, tough skin 2
a: no special abilities


You were in the Dungeon.
You were very full.

You visited 1 branch You collected 162 gold pieces.

Inventory:

Hand Weapons
 a - a +0 giant spiked club (weapon)
Armour
 b - a +0 robe (worn)
Scrolls
 i - a scroll of blinking
Potions
 d - a potion of curing
 e - a potion of heal wounds
 f - a potion of haste
 g - 2 potions of magic
Comestibles
 c - 2 bread rations


   Skills:
 + Level 5.9 Fighting
 + Level 7.4 Maces & Flails
 + Level 6.1 Dodging
 + Level 1.7 Stealth


You had 4 spell levels left.
You didn't know any spells.

Dungeon Overview and Level Annotations

Branches:
Dungeon (1/1)

Altars:
Makhleb
Xom
Jiyva
Lugonu


Innate Abilities, Weirdness & Mutations

You are too large for most types of armour.
You have claws for hands.
Your metabolism is lightning-fast.
You like to eat raw meat.
Your natural rate of healing is unusually fast.
You are covered in fur. (AC +1)
You have very tough skin. (AC +2)


Message History

Unknown command.
As you open the door, it creaks loudly!
A slime creature comes into view.
The slime creature quivers.
Found four altars.
Unknown command.
The slime creature hits you!!
There is an open door, spattered with blood here.
You puncture the slime creature!
The slime creature is moderately wounded.
The slime creature hits you!! The slime creature closely misses you.
You hit the slime creature.
The slime creature is moderately wounded.
The slime creature barely misses you.
You puncture the slime creature!
The slime creature is heavily wounded.
The slime creature hits you!!
* * * LOW HITPOINT WARNING * * *
The slime creature hits you!
You die...

###################
#<.#.['..#..'..#__#
#..'..#.)'.[#..@J.+
#..#####+#####+#__#
#..# #..# ### #..#
#### #..# #⌠⌠# ####


You could see a slime creature.

Vanquished Creatures
  Sigmund (D)
  An ogre (D)
  Ijyb (D)
3 creatures vanquished.

Notes
Turn   | Place    | Note
-------+----------+-------------------------------------------
     0 | D        | Kidiri the Troll Monk began the quest for the Orb.
     0 | D        | Reached XP level 1. HP: 22/22 MP: 0/0
     2 | D        | Noticed Ijyb
    17 | D        | Killed Ijyb
    17 | D        | Reached skill level 4 in Maces & Flails
    17 | D        | Reached XP level 2. HP: 17/31 MP: 1/1
    45 | D        | Noticed an ogre
    51 | D        | Killed an ogre
    51 | D        | Reached skill level 5 in Maces & Flails
    51 | D        | Reached XP level 3. HP: 40/40 MP: 2/2
    51 | D        | Reached XP level 4. HP: 49/49 MP: 3/3
    84 | D        | Noticed Sigmund
    92 | D        | Killed Sigmund
    92 | D        | Reached skill level 5 in Fighting
    92 | D        | Reached skill level 7 in Maces & Flails
    92 | D        | Reached XP level 5. HP: 55/59 MP: 4/4
   111 | D        | Found a burning altar of Makhleb.
   111 | D        | Found a viscous altar of Jiyva.
   111 | D        | Found a shimmering altar of Xom.
   111 | D        | Found a corrupted altar of Lugonu.
   111 | D        | Noticed a slime creature
   115 | D        | HP: 2/59 [slime creature (21)]
   115 | D        | Mangled by a slime creature

Vault maps used:
D:        dungeon_sprint_1

Skill      XL: |  1  2  3  4 |
---------------+-------------+-----
Fighting       | 3 4 5 |  5.9
Maces & Flails | 4 5 7 |  7.4
Dodging        | 3 4 6 |  6.1
Stealth        | |  1.7

Action                   |  1- 3 |  4- 6 || total
-------------------------+-------+-------++-------
Melee: Mace              |    18 |       ||    18
       Giant spiked club |       |     9 ||     9
  Use: Potion            |     1 |       ||     1
  Eat: Chunk             |       |     6 ||     6
Armor: Robe              |     5 |       ||     5
Dodge: Dodged            |     7 |     6 ||    13
